 Dungeon Crawl Stone Soup version 0.18-a0-1577-gf591c28 (webtiles) character file.

12705 M4edhros the Covert (level 11, 0/63 HPs)
             Began as an Octopode Artificer on Mar 24, 2016.
             Was an Elder of Fedhas.
             Killed by vampiric draining
             ... invoked by Josephine
              (2 damage)
             ... on level 10 of the Dungeon.
             The game lasted 00:30:09 (13641 turns).

M4edhros the Covert (Octopode Artificer)           Turns: 13641, Time: 00:30:17

Health: 0/63       AC:  3    Str: 13    XL:     11   Next: 97%
Magic:  27/27      EV: 20    Int: 14    God:    Fedhas [****..]
Gold:   393        SH:  9    Dex: 18    Spells: 0 memorised, 10 levels left

rFire  + . .     SeeInvis +     O - +2 spear (venom)
rCold  . . .     Gourm    .     E - +0 buckler
rNeg   . . .     Faith    .     t - +2 hat
rPois  .         Spirit   .     z - +3 amulet of reflection
rElec  .         Dismiss  .     C - ring of see invisible
rCorr  .         Reflect  +     H - +2 ring of strength
SustAt .         Harm     .     K - +1 ring of evasion
MR     .....                    j - ring of protection from fire
Stlth  ++++++....               G - ring of magical power
                                (no ring)
                                (no ring)
                                (no ring)

@: slowed, very slow, not resistant to hostile enchantments, very stealthy
A: almost no armour, amphibious, 8 rings, constrict 8, camouflage 1, agile 1,
gelatinous body 1
a: Evolution, Sunlight, Growth, Reproduction, Renounce Religion


You were on level 10 of the Dungeon.
You worshipped Fedhas.
Fedhas was greatly pleased with you.
You were not hungry.

You visited 1 branch of the dungeon, and saw 13 of its levels.
You also visited: Sewer.

You collected 1248 gold pieces.
You spent 855 gold pieces at shops.

Inventory:

Hand Weapons
 a - a +0 short sword
 l - a +3 hunting sling
 A - a +1 halberd of flaming
 B - a +1 falchion of flaming
 O - a +2 spear of venom (weapon)
 Q - a +0 blowgun
Missiles
 g - 32 poisoned needles
 m - 453 stones (quivered)
 r - 10 curare-tipped needles
 D - 38 sling bullets of frost
 M - 11 sling bullets of flame
 T - 48 sling bullets
 X - 17 exploding sling bullets
Armour
 t - a +2 hat (worn)
 E - a +0 buckler (worn)
Rods
 U - a +4 rod of clouds (10/16)
   (You bought it in a shop on level 4 of the Dungeon)
Jewellery
 h - an uncursed ring of ice
 j - a ring of protection from fire (on tentacle)
 z - a +3 amulet of reflection (around mantle)
 C - a ring of see invisible (left tentacle)
 G - a ring of magical power (on tentacle)
 H - a +2 ring of strength (right tentacle)
 K - a +1 ring of evasion (on tentacle)
 Z - an uncursed ring of ice
Wands
 b - a wand of flame (8/48)
 c - a wand of enslavement (7/24)
 o - a wand of iceblast (4/15)
 v - a wand of random effects (13/48)
 y - a wand of paralysis (2/24)
 V - a wand of random effects (19/48)
 W - a wand of polymorph (11/24)
Scrolls
 e - 5 scrolls of recharging
 i - 4 scrolls of teleportation
 k - a scroll of blinking
 q - 2 scrolls of identify
 u - a scroll of silence
 F - a scroll of fog
 L - 2 scrolls of magic mapping
 P - a scroll of enchant armour
Potions
 d - a potion of brilliance
 p - 7 potions of flight
 s - 2 potions of resistance
 x - a potion of curing
 J - a potion of magic
Books
 n - a book of Power

   Spells                             Type                      Level
   a - Fulminant Prism                Conjuration/Hexes            4
   b - Iskenderun's Mystic Blast      Conjuration                  4
   c - Venom Bolt                     Conjuration/Poison           5
   d - Bolt of Magma                  Conjuration/Fire/Earth       5
   e - Iron Shot                      Conjuration/Earth            6
   f - Orb of Destruction             Conjuration                  7
   g - Spellforged Servitor           Conjuration/Summoning        7
 S - a book of Hinderance

   Spells                             Type                      Level
   a - Confusing Touch                Hexes                        2
   b - Confuse                        Hexes                        3
   c - Gell's Gravitas                Hexes/Translocation          3
   d - Petrify                        Transmutation/Earth          4
   e - Metabolic Englaciation         Hexes/Ice                    5
   f - Yara's Violent Unravelling     Hexes/Transmutation          5
Comestibles
 f - 8 bread rations
 w - 21 fruits
 I - 2 meat rations
 N - 5 beef jerkies
 Y - 10 royal jellies


   Skills:
 - Level 1.0 Fighting
 - Level 1.0 Short Blades
 - Level 9.1 Slings
 * Level 9.5 Dodging
 - Level 10.4 Stealth
 * Level 6.4 Shields
 * Level 9.4 Invocations
 * Level 5.8 Evocations


You had 10 spell levels left.
You didn't know any spells.

Dungeon Overview and Level Annotations

Branches:
Dungeon (13/15)            Temple (0/1) D:4            Lair (0/8) D:10
    Orc (0/2) D:10
 Vaults: D:13-14

Altars:
Ashenzari
Elyvilon
Fedhas
Makhleb
Okawaru
Ru
Sif Muna
Trog
The Shining One

Shops:
D:4 }*   D:7 }

Annotations:
D:10 Josephine
D:13 Azrael


Innate Abilities, Weirdness & Mutations

You cannot wear most types of armour.
You are amphibious.
You can wear up to eight rings at the same time.
You can use your tentacles to constrict eight enemies at once.
Your skin changes colour to match your surroundings (Stealth).
Your rubbery body absorbs attacks (AC +1).
You are agile. (Dex +2)


Message History

Josephine is engulfed in poison gas.
Josephine hits you but does no damage.
Drink which item? (? for menu, Esc to quit)
You feel better.
You constrict Josephine.
Josephine is engulfed in poison gas.
Josephine barely misses you.
Your wandering mushroom barely misses Josephine.
You hit Josephine.
Josephine is heavily wounded.
You constrict Josephine.
Josephine is engulfed in poison gas.
Josephine points at you and mumbles some strange words.
The ghostly flame explodes!
The ghostly fireball engulfs you!
* * * LOW HITPOINT WARNING * * *
The ghostly fireball engulfs Josephine.
Josephine partially resists.
The ghostly fireball engulfs your wandering mushroom.
Your wandering mushroom partially resists.
Your wandering mushroom is destroyed!
You feel a little guilty.
Josephine is engulfed in poison gas.
Josephine shouts!
Josephine is infused with unholy energy.
You die...
Fedhas appreciates your contribution to the ecosystem.

.##..............[######'###
f##..........#'#### #..#
###.......(..#.# ##.## #
##......W)...# #..# #
#....>..(..## ##.# ####........(.#
#.# ............W.# #.#
.........(....############.######
..............##@................
........((...WW@ยง#########.######
.............##### #.#
########.##.## #.# # #....# #.# #
####.# #.# # #>#'### #.# # #
#.....# #.# # ## #.....# #.# #


You could see Josephine and 2 wraiths.

Vanquished Creatures
  A hydra (D:10)
  A centaur warrior (D:11)
  Sonja (D:10)
  An unseen horror (D:11)
  The ghost of M4edhros the Covert, a novice OpAr of Xom (D:8)
  The ghost of Galewind the Destroyer, a novice DrCj (D:7)
  An ugly thing (D:11)
  Pikel (D:6)
  A queen bee (D:10)
  A yak (D:11)
  A hungry ghost (D:8)
  A hippogriff (D:4)
  Menkaure (D:6)
  A soldier ant (D:12)
  A sky beast (D:13)
  4 orc warriors
  3 phantoms
  A wasp (D:7)
  A black bear (D:12)
  4 ogres
  A centaur (D:5)
  2 big kobolds
  4 giant frogs
  A water moccasin zombie (D:6)
  A hell rat (D:4)
  4 scorpions
  A wyvern skeleton (D:10)
  20 killer bees
  2 wights (D:7)
  7 howler monkeys
  6 crimson imps
  4 orc priests
  3 hounds
  9 orc wizards
  A gnoll shaman (D:6)
  2 giant frog skeletons
  4 iguanas
  7 worker ants
  A hound zombie (D:3)
  4 hound skeletons
  15 adders
  23 gnolls
  3 shadow imps
  5 oozes
  An adder skeleton (D:4)
  An adder zombie (D:6)
  8 worms
  A dart slug (D:2)
  5 giant geckos
  49 orcs
  8 bats
  15 giant cockroaches
  3 goblins
  4 hobgoblins
  18 jackals
  10 kobolds
  3 quokkas
  A ball python skeleton (D:5)
  4 giant newts
  8 rats
297 creatures vanquished.

Vanquished Creatures (collateral kills)
  An unseen horror (D:9)
  2 hill giants
  A manticore (D:13)
  A two-headed ogre (D:8)
  Eustachio (D:6)
  2 wraiths (D:10)
  3 yaks
  A wyvern (D:9)
  A hippogriff (D:12)
  2 hungry ghosts
  Duvessa (D:6)
  2 orc warriors
  A slave (D:6)
  3 ogres
  A centaur (D:9)
  2 gnoll sergeants
  A giant frog (D:9)
  Dowan (D:6)
  A scorpion (D:8)
  17 killer bees
  A wight (D:7)
  A crimson imp (D:11)
  A centaur zombie (D:11)
  A giant frog zombie (D:9)
  A hound (D:4)
  2 orc wizards
  A giant frog skeleton (D:10)
  13 gnolls
  2 shadow imps
  8 orcs
76 creatures vanquished.

Vanquished Creatures (others)
  A troll (D:11)
  An orc warrior (D:10)
  2 slaves (D:6)
  A killer bee zombie (D:7)
  17 wandering mushrooms
  2 worker ant zombies
  A gnoll (D:6)
  A shadow imp (D:6)
  An orc (D:6)
  A kobold (D:8)
  245 toadstools
273 creatures vanquished.

Grand Total: 646 creatures vanquished

Notes
Turn   | Place    | Note
--------------------------------------------------------------
     0 | D:1      | M4edhros the Octopode Artificer began the quest for the Orb.
     0 | D:1      | Reached XP level 1. HP: 13/13 MP: 3/3
   146 | D:1      | Reached skill level 2 in Stealth
   621 | D:1      | Reached XP level 2. HP: 18/18 MP: 4/4
  1225 | D:2      | Reached skill level 1 in Slings
  1225 | D:2      | Reached skill level 3 in Stealth
  1225 | D:2      | Reached XP level 3. HP: 19/23 MP: 5/5
  1392 | D:2      | Found a shattered altar of Ashenzari.
  1394 | D:2      | Found a burning altar of Makhleb.
  2079 | D:3      | Reached skill level 4 in Stealth
  2079 | D:3      | Reached XP level 4. HP: 13/28 MP: 6/6
  2368 | D:3      | Reached XP level 5. HP: 14/33 MP: 7/7
  2574 | D:3      | Noticed a moth of wrath
  2581 | D:3      | Found a bloodstained altar of Trog.
  3305 | D:3      | Reached skill level 5 in Stealth
  3426 | D:4      | Noticed an ogre
  3609 | D:4      | Reached XP level 6. HP: 17/38 MP: 8/8
  3786 | D:4      | Found Moqeh's Gadget Boutique.
  3827 | D:4      | Noticed a hippogriff
  3841 | D:4      | Found a blossoming altar of Fedhas.
  3863 | D:4      | Became a worshipper of Fedhas Madash
  3876 | D:4      | Reached skill level 6 in Stealth
  4251 | D:4      | Reached XP level 7. HP: 32/43 MP: 9/9
  4292 | D:4      | Killed a hippogriff
  4337 | D:4      | Reached skill level 7 in Stealth
  4550 | D:4      | Found Louteaf's Assorted Antiques.
  4558 | D:4      | Bought a viscous sapphire potion for 15 gold pieces
  4558 | D:4      | Bought a pink potion for 15 gold pieces
  4560 | D:4      | Gained mutation: You are agile. (Dex +2) [potion of beneficial mutation]
  4586 | D:4      | Reached skill level 5 in Slings
  4628 | D:4      | Found a staircase to the Ecumenical Temple.
  4752 | D:4      | Reached XP level 8. HP: 34/48 MP: 10/10
  4760 | D:4      | Reached * piety under Fedhas
  4807 | D:5      | Entered Level 5 of the Dungeon
  4812 | D:5      | Reached skill level 8 in Stealth
  5045 | D:5      | Reached skill level 1 in Invocations
  5386 | D:5      | Reached skill level 5 in Dodging
  5774 | D:6      | Noticed Pikel
  5786 | D:6      | Noticed Eustachio
  5792 | D:6      | Killed Pikel
  5834 | D:6      | Killed Eustachio
  5834 | D:6      | Reached XP level 9. HP: 30/53 MP: 11/11
  5895 | D:6      | Noticed Menkaure
  5904 | D:6      | Killed Menkaure
  6072 | D:6      | Found a glowing drain.
  6087 | Sewer    | Entered a sewer
  6126 | Sewer    | Reached ** piety under Fedhas
  6621 | D:6      | Noticed Duvessa
  6626 | D:6      | Noticed Dowan
  6775 | D:6      | Killed Duvessa
  6789 | D:6      | Killed Dowan
  6830 | D:6      | Reached skill level 9 in Stealth
  7167 | D:7      | Noticed Galewind's ghost (novice DrCj)
  7184 | D:7      | Killed Galewind's ghost
  7184 | D:7      | Reached skill level 5 in Invocations
  7225 | D:7      | Reached *** piety under Fedhas
  7310 | D:7      | Found a deep blue altar of Sif Muna.
  7455 | D:7      | Found an iron altar of Okawaru.
  7495 | D:7      | Found Miabyuh's Gadget Shoppe.
  7712 | D:7      | Found a sacrificial altar of Ru.
  7756 | D:8      | Reached XP level 10. HP: 51/58 MP: 14/14
  7902 | D:8      | Found a blossoming altar of Fedhas.
  7965 | D:8      | Reached skill level 1 in Shields
  8273 | D:8      | Reached **** piety under Fedhas
  8398 | D:8      | Noticed M4edhros's ghost (novice OpAr)
  8412 | D:8      | Killed M4edhros's ghost
  8815 | D:9      | Reached skill level 10 in Stealth
  8825 | D:9      | Found a white marble altar of Elyvilon.
  9129 | D:9      | Noticed an unseen horror
  9145 | D:9      | Killed an unseen horror
  9871 | D:10     | Entered Level 10 of the Dungeon
  9878 | D:10     | Found a staircase to the Orcish Mines.
  9903 | D:10     | Reached XP level 11. HP: 63/63 MP: 16/16
 10327 | D:10     | Reached ***** piety under Fedhas
 10445 | D:10     | Noticed Sonja
 10447 | D:10     | Noticed a five-headed hydra
 10451 | D:10     | Noticed Josephine
 10790 | D:10     | Found a staircase to the Lair.
 10795 | D:10     | Killed Sonja
 10795 | D:10     | Reached skill level 5 in Shields
 11019 | D:11     | Found a glowing golden altar of the Shining One.
 11164 | D:11     | Noticed a white ugly thing
 11193 | D:11     | Noticed an unseen horror
 11396 | D:11     | Killed an unseen horror
 11610 | D:11     | Noticed a hill giant
 11626 | D:11     | Killed a hill giant
 11635 | D:11     | Killed a white ugly thing
 12132 | D:11     | Noticed a centaur warrior
 12151 | D:11     | Killed a centaur warrior
 12151 | D:11     | Reached skill level 5 in Evocations
 12482 | D:12     | Noticed a hill giant
 12496 | D:12     | Killed a hill giant
 12963 | D:13     | Noticed a manticore
 12981 | D:13     | Killed a manticore
 13019 | D:13     | Noticed Azrael
 13245 | D:4      | Bought a +0 rod of clouds (10/10) for 825 gold pieces
 13564 | D:10     | Killed a five-headed hydra
 13641 | D:10     | HP: 2/63 [Josephine/ghostly fireball (27)]
 13641 | D:10     | Killed from afar by Josephine

Vault maps used:
D:1:      evilmike_arrival_crescent
D:2:      grunt_temple_overflow_open
D:3:      tgw_trog, serial_forest, infiniplex_forest_end_3,
          infiniplex_forest_corner_1, infiniplex_forest_clump_small,
          infiniplex_forest_lined_room_2, infiniplex_forest_lined_2,
          infiniplex_forest_clump_small, infiniplex_forest_clump_double,
          infiniplex_forest_end_3, infiniplex_forest_split
D:4:      nicolae_overflow_hidden_temple, overflow_temple_1_default,
          temple_hall, serial_shops, shop_statue, shop, first_bread,
          kennysheep_cross_room, grunt_ministairs_4
D:6:      gup_sewer_entry_pipe, uniq_menkaure, uniq_pikel, uniq_eustachio,
          uniq_duvessa
D:7:      nicolae_overflow_crystal_walls, kennysheep_mini_moat, serial_shops,
          nicolae_shop_statue_plus, okawaru_gym_becter
D:8:      hangedman_tree_tricks
D:9:      lemuel_crystal_altar, grunt_decor_arrowhead, minmay_misc_feat_ornament
D:10:     lair_0_dummy, david_orc_3, uniq_josephine, uniq_sonja
D:11:     basic_altar, minmay_fire_ice_demons
D:13:     uniq_azrael
Sewer:    sewer_fruit_machine

Skill      XL: |  1  2  3  4  5  6  7  8  9 10 11 |
---------------+----------------------------------+-----
Stealth        | 2 3 4 5 6 7 8 9 10 | 10.4
Slings         | 1 2 3 4 5 6 8 9 |  9.1
Dodging        | 3 4 5 7 8 9 |  9.5
Invocations    | 3 5 7 9 |  9.4
Shields        | 4 6 |  6.4
Evocations     | 5 |  5.8
Fighting       | |  1.0
Short Blades   | |  1.0

Action                   |  1- 3 |  4- 6 |  7- 9 | 10-12 || total
-------------------------+-------+-------+-------+-------++-------
Melee: Short sword       |    39 |       |       |       ||    39
       Falchion          |     9 |       |       |       ||     9
       Halberd           |       |   109 |   262 |     2 ||   373
       Spear             |       |       |       |   412 ||   412
 Fire: Hunting sling     |    44 |       |    33 |    58 ||   135
       Blowgun           |       |       |       |    17 ||    17
Invok: Evolution         |       |       |     4 |    13 ||    17
Evoke: Wand              |       |    12 |    15 |    18 ||    45
       Rod               |       |       |       |     2 ||     2
  Use: Potion            |     2 |     1 |     7 |     7 ||    17
       Scroll            |       |    10 |     6 |    14 ||    30
 Stab: Sleeping          |     7 |    14 |    32 |    25 ||    78
       Paralysed         |       |       |     9 |    25 ||    34
       Distracted        |       |       |       |     5 ||     5
       Confused          |       |       |       |     3 ||     3
  Eat: Chunk             |     3 |     7 |     2 |       ||    12
       Pizza             |       |       |     1 |     2 ||     3
       Bread ration      |       |       |     1 |       ||     1
       Meat ration       |       |       |     1 |     4 ||     5
